 Dungeon Crawl Stone Soup version 0.18-a0-1805-g8ab820f (webtiles) character file.

498 vatarom the Insei (level 7, 0/62 HPs)
             Began as a Naga Transmuter on Apr 25, 2016.
             Slain by a gnoll
             ... wielding a +0 halberd
              (12 damage)
             ... on level 4 of the Dungeon.
             The game lasted 00:46:40 (3934 turns).

vatarom the Insei (Naga Transmuter)                 Turns: 3934, Time: 00:46:41

Health: 0/62       AC:  2    Str: 12    XL:     7   Next: 16%
Magic:  7/10       EV: 22    Int: 13    God:
Gold:   104        SH:  0    Dex: 19    Spells: 3 memorised, 2 levels left

rFire  x . .     SeeInvis +       - Unarmed
rCold  + . .     Gourm    .     (armour currently unavailable)
rNeg   . . .     Faith    .     (shield currently unavailable)
rPois  x         Spirit   .     (helmet currently unavailable)
rElec  .         Dismiss  .     (cloak currently unavailable)
rCorr  .         Reflect  .     (gloves currently unavailable)
SustAt .         Harm     .     (no barding)
MR     .....                    (no amulet)
Stlth  ++........               e - ring of ice
                                (no ring)

@: spider-form, not resistant to hostile enchantments, unstealthy
A: see invisible, (deformed body), sense surroundings 1, (poison resistance),
(slowness 0), slow metabolism 1, spit poison 2, AC +2
a: Spit Poison, End Transformation


You were on level 4 of the Dungeon.
You were not hungry.
You were a venomous arachnid creature.
You visited 1 branch of the dungeon, and saw 4 of its levels.

You collected 104 gold pieces.

Inventory:

Missiles
 a - 12 arrows
Armour
 b - a +0 robe (melded)
 f - a +1 pair of gloves (melded)
Jewellery
 e - a ring of ice (right front leg)
Scrolls
 g - a scroll of fear
 j - 2 scrolls of immolation
 k - 3 scrolls of remove curse
 l - a scroll of fog
 n - 2 scrolls of identify
 p - a scroll of teleportation
Potions
 h - a potion of cure mutation
 m - a potion of resistance {unknown}
 r - a potion of heal wounds {unknown}
Books
 c - a book of Changes

   Spells                             Type                      Level
   a - Beastly Appendage              Transmutation                1
   b - Sticks to Snakes               Transmutation                2
   c - Spider Form                    Transmutation/Poison         3
   d - Ice Form                       Ice/Transmutation            4
   e - Blade Hands                    Transmutation                5
Comestibles
 d - a bread ration
 o - 2 fruits
 q - 9 chunks of flesh


   Skills:
 - Level 3.1 Fighting
 - Level 4.0 Dodging
 + Level 4.2 Unarmed Combat
 - Level 2.0 Spellcasting
 + Level 3.4 Transmutations
 - Level 2.9 Poison Magic


You had 2 spell levels left.
You knew the following spells:

 Your Spells              Type           Power        Failure   Level  Hunger
a - Beastly Appendage     Trmt           ##....       24%         1    ##.....
b - Spider Form           Trmt/Pois      #.........   41%         3    ####...
c - Ice Form              Ice/Trmt       #.......     99%         4    #####..


Dungeon Overview and Level Annotations

Branches:
Dungeon (4/15)
 Temple: D:4-7

Altars:
Fedhas


Innate Abilities, Weirdness & Mutations

You cannot wear boots.
((Your serpentine skin is tough (AC +2).))
You have supernaturally acute eyesight.
((Armour fits poorly on your strangely shaped body.))
((Your system is resistant to poisons.))
((You cover ground very slowly.))
You have a slow metabolism.
You can spit poison.
You passively map a small area around you.


Message History

The gnoll completely misses you. x2
You hit the gnoll but do no damage.
The gnoll is poisoned.
The gnoll closely misses you. The gnoll hits you with a spear.
You hit the gnoll.
The gnoll looks even sicker.
The gnoll is heavily wounded.
The gnoll hits you from afar with a spear.
The gnoll completely misses you.
You hit the gnoll.
The gnoll is almost dead.
You kill the gnoll!
The gnoll completely misses you. The gnoll hits you with a spear.
The gnoll hits you from afar with a halberd!
* * * LOW HITPOINT WARNING * * *
Things that are here:
a spear; a gnoll corpse You hit the gnoll but do no damage.
The gnoll is poisoned.
The gnoll barely misses you.
The gnoll hits you from afar with a halberd!
You die...

##. , , #.# , ,, ##.# ,
, ,##..### . ..,
,...$..####. *
....##..#.#..... ,,..#
....g..g#.#.##.# * *#.#
, , #g#.#.##.# #.# *
#s#.#.##.# #.#
#######.#.#.##.# #..
...............# #.. *
*#...........##)# #.# ,
#.#####.#.####)#######.#
, * ** #.#.# #.).......#
, ....# ####....### *
.....# ##.#.## , #....##
#.#..#


You could see 2 gnolls.

Vanquished Creatures
  Grinder (D:3)
  A centaur skeleton (D:4)
  Jessica (D:3)
  An iguana (D:4)
  A worker ant (D:4)
  Robin (D:4)
  6 gnolls (D:4)
  4 adders
  An ooze (D:1)
  3 worms
  A dart slug (D:3)
  2 giant geckos (D:1)
  7 orcs (D:3)
  5 bats
  5 giant cockroaches
  12 goblins
  8 hobgoblins
  9 jackals (D:3)
  4 ball pythons (D:1)
  4 giant newts
  2 kobolds
  9 rats
88 creatures vanquished.

Notes
Turn   | Place    | Note
--------------------------------------------------------------
     0 | D:1      | vatarom the Naga Transmuter began the quest for the Orb.
     0 | D:1      | Reached XP level 1. HP: 18/18 MP: 3/3
   313 | D:1      | Reached XP level 2. HP: 26/26 MP: 3/5
   353 | D:1      | Gained mutation: You passively map a small area around you. [potion of mutation]
   353 | D:1      | Gained mutation: You occasionally shout uncontrollably at your foes. [potion of mutation]
   353 | D:1      | Gained mutation: You are frail (-10% HP). [potion of mutation]
   382 | D:1      | Lost mutation: You are frail (-10% HP). [potion of cure mutation]
   382 | D:1      | Lost mutation: You occasionally shout uncontrollably at your foes. [potion of cure mutation]
   701 | D:1      | Reached XP level 3. HP: 27/33 MP: 6/6
  1237 | D:2      | Learned a level 3 spell: Spider Form
  1372 | D:2      | Found a blossoming altar of Fedhas.
  1494 | D:2      | Reached skill level 1 in Poison Magic
  2059 | D:2      | Reached XP level 4. HP: 42/42 MP: 7/7
  2551 | D:3      | Noticed Grinder
  2570 | D:3      | Killed Grinder
  2570 | D:3      | Reached XP level 5. HP: 16/49 MP: 5/8
  2570 | D:3      | Reached XP level 6. HP: 18/56 MP: 5/9
  2962 | D:3      | Learned a level 4 spell: Ice Form
  3041 | D:3      | Noticed Jessica
  3050 | D:3      | Killed Jessica
  3802 | D:4      | Noticed Robin
  3819 | D:4      | Killed Robin
  3819 | D:4      | Reached XP level 7. HP: 44/62 MP: 5/10
  3934 | D:4      | Slain by a gnoll

Vault maps used:
D:1:      dpeg_arrival_snail, kennysheep_doodads, minmay_shallow_snake_nest
D:2:      fedhas_altar_3
D:3:      first_bread, uniq_jessica, uniq_grinder
D:4:      uniq_robin

Skill      XL: |  1  2  3  4  5  6 |
---------------+-------------------+-----
Fighting       | 2 3 |  3.1
Poison Magic   | 2 |  2.9
Dodging        | 4 |  4.0
Transmutations | 3 |  3.4
Unarmed Combat | 4 |  4.2
Spellcasting   | |  2.0

Action                   |  1- 3 |  4- 6 |  7- 9 || total
-------------------------+-------+-------+-------++-------
Melee: Unarmed           |   159 |   155 |    23 ||   337
       Headbutt          |     6 |    10 |       ||    16
       Punch             |     3 |       |     1 ||     4
 Cast: Beastly Appendage |    12 |     8 |       ||    20
       Spider Form       |       |     9 |     3 ||    12
 Abil: Spit Poison       |     7 |    12 |     4 ||    23
       End Transformatio |       |     1 |       ||     1
  Use: Scroll            |     6 |     2 |       ||     8
       Potion            |     3 |     2 |       ||     5
 Stab: Sleeping          |     3 |       |       ||     3
  Eat: Chunk             |     3 |     4 |       ||     7
       Bread ration      |       |     1 |       ||     1
       Fruit             |       |     1 |       ||     1
Armor: Robe              |    52 |    36 |     7 ||    95
       Skin              |       |     1 |       ||     1
Dodge: Dodged            |   110 |   116 |    30 ||   256
